 Dungeon Sprint DCSS version 0.23.2-1-ga50397a6bc (webtiles) character file.

Game seed: 2170362651392940313

637 Kobolds4U the Unseen (level 7, 0/33 HPs)
             Began as a Spriggan Assassin on May 23, 2019.
             Was an Initiate of Okawaru.
             Slain by a soul eater (19 damage)
             ... summoned by a kobold demonologist
             ... in the Dungeon (Sprint I: "Red Sonja").
             The game lasted 00:04:51 (196 turns).

Kobolds4U the Unseen (Spriggan Assassin)             Turns: 196, Time: 00:04:51

Health: 0/33       AC:  5    Str:  7    XL:     7   Next: 25%
Magic:  10/10      EV: 24    Int: 13    God:    Okawaru [......]
Gold:   143        SH:  7    Dex: 19    Spells: 6/6 levels left

rFire    . . .     SeeInvis +   a - +2 dagger
rCold    . . .     Gourm    .   o - +0 buckler {rN+}
rNeg     + . .     Faith    .   n - +2 robe {MR+}
rPois    .         Spirit   .   (helmet restricted)
rElec    .         Reflect  .   d - +0 cloak
rCorr    .         Harm     .   (gloves unavailable)
MR       ++...     NoTele   +   (boots unavailable)
Stlth    ++++++++..             (no amulet)
HPRegen  0.11/turn              (no ring)
MPRegen  0.12/turn              (no ring)

@: very slightly contaminated, very quick
A: very small, unfitting armour, see invisible, herbivore, speed 3, slow
metabolism 2
a: Renounce Religion


You were in the Dungeon.
You worshipped Okawaru.
Okawaru was noncommittal.
You were not hungry.

You visited 1 branch You collected 405 gold pieces.
You spent 262 gold pieces at shops.

Inventory:

Hand Weapons
 a - a +2 dagger (weapon)
 b - a +0 blowgun
Armour
 d - a +0 cloak (worn)
 n - a +2 robe of magic resistance (worn)
 o - a +0 buckler of positive energy (worn)
Potions
 h - 2 potions of curing
 k - 2 potions of magic
Comestibles
 g - 2 rations


   Skills:
 * Level 1.5 Fighting
 - Level 2.1 Short Blades
 - Level 2.0 Throwing
 - Level 8.5 Dodging
 - Level 19.7 Stealth
 + Level 2.4 Shields
 + Level 3.3 Invocations


You had 6 spell levels left.
You didn't know any spells.
Your spell library was empty.

Dungeon Overview and Level Annotations

Branches:
Dungeon (1/1)

Altars:
Cheibriados
Dithmenos
Elyvilon
Fedhas
Gozag
Hepliaklqana
Kikubaaqudgha
Makhleb
Nemelex Xobeh
Okawaru
Qazlal
Ru
Sif Muna
Trog
Uskayaw
Vehumet
Wu Jian
Xom
Yredelemnul
Zin
The Shining One
Jiyva
Lugonu

Shops:
D [


Innate Abilities, Weirdness & Mutations

You are very small and have problems with some larger weapons.
You are too small for most types of armour.
You have supernaturally acute eyesight. (SInv)
You are a herbivore.
You cover ground extremely quickly.
You need to consume almost no food.


Message History

The quasit barely misses you.
The kobold demonologist looks braver for a moment.
You hit the kobold demonologist.
The kobold demonologist is heavily wounded.
The quasit disappears in a puff of smoke!
A kobold demonologist opens the door.
You closely miss the kobold demonologist.
The kobold demonologist is heavily wounded.
The kobold demonologist casts a spell.
The kobold demonologist mumbles some strange words.
A centaur warrior comes into view.
You hit the kobold demonologist but do no damage.
The kobold demonologist is heavily wounded.
The kobold demonologist looks encouraged for a moment.
The kobold demonologist hits you but does no damage.
You hit the kobold demonologist but do no damage.
The kobold demonologist is heavily wounded.
The soul eater hits you!!
Ouch! That really hurt!
You die...

##########################
#<.#.)'..#.)'..#__#..5(G5#
#..'..#.)'..#.5'.K(55#(55#
#..#####'#####5#5_####553+
#..####..#...#K#### #####
#..#__####..##K#§§§§
#..#_____##'#_@4§≈§§
#⌠⌠#_.∩..†'...3#§§≈§c#
####_..__##_.#'# + #
#_____###+#.# ####### ###


You could see a soul eater, a rust devil, 2 kobold demonologists, an iron imp
and a quasit.

Vanquished Creatures
  A slime creature (D)
  Sigmund (D)
  A yak (D)
  An ogre (D)
  A jelly (D)
  Ijyb (D)
6 creatures vanquished.

Notes
Turn   | Place    | Note
-------+----------+-------------------------------------------
     0 | D        | Kobolds4U the Spriggan Assassin began the quest for the
                  | Orb.
     0 | D        | Reached XP level 1. HP: 10/10 MP: 2/2
     1 | D        | Noticed Ijyb
     4 | D        | Killed Ijyb
     4 | D        | Reached skill level 10 in Stealth
     4 | D        | Reached XP level 2. HP: 14/14 MP: 3/3
     6 | D        | Noticed an ogre
     9 | D        | Killed an ogre
     9 | D        | Reached skill level 14 in Stealth
     9 | D        | Reached XP level 3. HP: 18/18 MP: 4/4
     9 | D        | Reached XP level 4. HP: 22/22 MP: 5/5
    18 | D        | Noticed Sigmund
    28 | D        | Killed Sigmund
    28 | D        | Reached skill level 18 in Stealth
    28 | D        | Reached XP level 5. HP: 25/25 MP: 6/6
    28 | D        | Reached XP level 6. HP: 30/30 MP: 7/7
    59 | D        | Found an ornate altar of the Wu Jian Council.
    59 | D        | Found a deep blue altar of Sif Muna.
    61 | D        | Found a radiant altar of Vehumet.
    91 | D        | Found Mebuy's Armour Emporium.
    91 | D        | Found an ancient bone altar of Kikubaaqudgha.
    91 | D        | Found a hazy altar of Hepliaklqana.
    91 | D        | Found a hide-covered altar of Uskayaw.
    91 | D        | Found a basalt altar of Yredelemnul.
    91 | D        | Found an opulent altar of Gozag.
    91 | D        | Found a snail-covered altar of Cheibriados.
    91 | D        | Found a sacrificial altar of Ru.
    91 | D        | Found a shadowy altar of Dithmenos.
    91 | D        | Noticed a yak
    92 | D        | Found a stormy altar of Qazlal.
    92 | D        | Found a blossoming altar of Fedhas.
    92 | D        | Found a bloodstained altar of Trog.
    92 | D        | Found an iron altar of Okawaru.
    92 | D        | Found a glowing golden altar of the Shining One.
    92 | D        | Found a glowing silver altar of Zin.
    92 | D        | Found a white marble altar of Elyvilon.
    93 | D        | Killed a yak
    93 | D        | Reached skill level 19 in Stealth
    94 | D        | Found a sparkling altar of Nemelex Xobeh.
    98 | D        | Bought a +2 robe of magic resistance for 177 gold pieces
    98 | D        | Bought a +0 buckler of positive energy for 85 gold pieces
   114 | D        | Became a worshipper of Warmaster Okawaru
   128 | D        | Found a viscous altar of Jiyva.
   128 | D        | Found a corrupted altar of Lugonu.
   128 | D        | Noticed a slime creature
   129 | D        | Found a burning altar of Makhleb.
   129 | D        | Found a shimmering altar of Xom.
   131 | D        | Killed a slime creature
   131 | D        | Reached XP level 7. HP: 33/33 MP: 7/10
   143 | D        | Noticed a kobold demonologist
   144 | D        | Noticed a kobold demonologist
   147 | D        | Paralysed by a floating eye for 4 turns
   156 | D        | Paralysed by a floating eye for 3 turns
   163 | D        | Paralysed by a floating eye for 4 turns
   166 | D        | Noticed a smoke demon
   167 | D        | HP: 1/33 [iron imp[a kobold demonologist] (2)]
   195 | D        | Noticed a rust devil
   195 | D        | Noticed a soul eater
   195 | D        | Noticed a centaur warrior
   196 | D        | Slain by a soul eater

Skill      XL: |  1  2  3  4  5  6 |
---------------+-------------------+-----
Stealth        | 10 14 18 19 | 19.7
Dodging        | 8 |  8.5
Shields        | 2 |  2.4
Invocations    | 3 |  3.3
Fighting       | |  1.5
Short Blades   | |  2.1
Throwing       | |  2.0

Action                   |  1- 3 |  4- 6 |  7- 9 || total
-------------------------+-------+-------+-------++-------
Melee: Dagger            |     2 |    10 |     8 ||    20
 Fire: Blowgun           |       |       |     9 ||     9
  Use: Potion            |       |     1 |     2 ||     3
       Scroll            |       |     1 |     1 ||     2
 Stab: Sleeping          |     2 |     3 |       ||     5
Armor: Robe              |       |       |     6 ||     6
Dodge: Dodged            |       |     4 |    17 ||    21
Block: Buckler           |       |       |     6 ||     6
